 Dungeon Crawl Stone Soup version 0.21.1-1-g345015f (webtiles) character file.

86 prawnwizard the Sneak (level 4, -1/21 HPs)
             Began as a Spriggan Enchanter on June 27, 2018.
             Slain by Sigmund
             ... wielding a +0 scythe
              (8 damage)
             ... on level 2 of the Dungeon.
             The game lasted 00:06:53 (2124 turns).

prawnwizard the Sneak (Spriggan Enchanter)          Turns: 2124, Time: 00:06:54

Health: -1/21      AC:  2    Str:  4    XL:     4   Next: 27%
Magic:  0/9        EV: 19    Int: 16    God:
Gold:   81         SH:  0    Dex: 17    Spells: 6/9 levels left

rFire    . . .     SeeInvis +   e - +2 short sword (speed)
rCold    . . .     Gourm    .   (shield restricted)
rNeg     . . .     Faith    .   i - +0 robe (curse)
rPois    .         Spirit   .   (helmet restricted)
rElec    .         Reflect  .   (no cloak)
rCorr    .         Harm     .   (gloves unavailable)
MR       .....                  (boots unavailable)
Stlth    +++.......             (no amulet)
HPRegen  0.07/turn              (no ring)
MPRegen  0.11/turn              (no ring)

@: very quick
A: very small, unfitting armour, see invisible, herbivore, speed 3, slow
metabolism 2
a: no special abilities


You were on level 2 of the Dungeon.
You were not hungry.

You visited 1 branch of the dungeon, and saw 2 of its levels.

You collected 81 gold pieces.

Inventory:

Hand Weapons
 a - a +1 dagger
 e - a +2 short sword of speed (weapon)
Armour
 b - a +0 robe
 i - a cursed +0 robe (worn)
Jewellery
 j - an uncursed ring of protection from magic {unknown}
Wands
 h - a wand of clouds (5)
Scrolls
 f - a scroll of fog {unknown}
 g - a scroll of blinking {unknown}
Books
 c - a book of Maledictions

   Spells                             Type                      Level
   a - Corona                         Hexes                        1
   b - Ensorcelled Hibernation        Hexes/Ice                    2
   c - Confuse                        Hexes                        3
   d - Tukima's Dance                 Hexes                        3
   e - Dazzling Spray                 Conjuration/Hexes            3
Comestibles
 d - 6 rations


   Skills:
 + Level 2.0 Short Blades
 + Level 3.5 Dodging
 * Level 6.4 Stealth
 * Level 3.0 Spellcasting
 * Level 4.1 Hexes


You had 6 spell levels left.
You knew the following spells:

 Your Spells              Type           Power        Failure   Level  Hunger
a - Corona                Hex            ###....      3%          1    #......
b - Ensorcelled Hibernat  Hex/Ice        #.....       12%         2    ##.....


Dungeon Overview and Level Annotations

Branches:
Dungeon (2/15)

Altars:
Nemelex Xobeh

Annotations:
D:2 Sigmund


Innate Abilities, Weirdness & Mutations

You are very small and have problems with some larger weapons.
You are too small for most types of armour.
You have supernaturally acute eyesight. (SInv)
You are a herbivore.
You cover ground extremely quickly.
You need consume almost no food.


Message History

Sigmund is moderately wounded.
You closely miss Sigmund.
Sigmund is moderately wounded.
You hit Sigmund but do no damage.
Sigmund is moderately wounded.
Sigmund hits you with a scythe.
Casting: Ensorcelled Hibernation
Confirm with . or Enter, or press ? or * to list all spells.
Aiming: Ensorcelled Hibernation
Press: ? - help, Shift-Dir - straight line, f/p - Sigmund
Aim: Sigmund, wielding a scythe and wearing a robe (moderately wounded, slightly transparent, chance to defeat MR: 50%) Sigmund resists with some effort.
Sigmund gestures at you while chanting. The magic dart hits you!
You barely miss Sigmund.
Sigmund is moderately wounded.
You hit Sigmund but do no damage.
Sigmund is moderately wounded.
Sigmund hits you with a scythe!
You die...

#..###.######.####
#................#
###......######.##.# #........#
#...##.#
####†....##.####.#.##(########
#..............#..............
#.##.....#..##@..##....#######
##.##...@...####.####...#######
###...#.#.##.##.@#+#..##..##.....
..........##.##..@....##.###.####
.##...#...##..##.._..##..# #.# #
....#.....##...##.†.##..## #.# #
..##.##..###.#..##.##...####.####
..##.##....#.##..###........<....
......)......)....... #.....
.###................. ##.###
.####.#...##...###### #.# #


You could see Sigmund (invisible).

Vanquished Creatures
  Jessica (D:2)
  A gnoll (D:1)
  An adder (D:2)
  A worm (D:2)
  3 dart slugs
  2 leopard geckos
  A bat (D:2)
  A giant cockroach (D:1)
  3 hobgoblins (D:1)
  2 jackals (D:1)
  5 kobolds
  A frilled lizard (D:1)
  6 goblins
  3 rats
31 creatures vanquished.

Notes
Turn   | Place    | Note
-------+----------+-------------------------------------------
     0 | D:1      | prawnwizard the Spriggan Enchanter began the quest for the Orb.
     0 | D:1      | Reached XP level 1. HP: 9/9 MP: 5/5
   365 | D:1      | Reached XP level 2. HP: 13/13 MP: 6/6
   369 | D:1      | Learned a level 2 spell: Ensorcelled Hibernation
   667 | D:1      | Reached skill level 5 in Stealth
  1136 | D:1      | Reached XP level 3. HP: 14/16 MP: 6/8
  1514 | D:2      | Found a sparkling altar of Nemelex Xobeh.
  1514 | D:2      | Noticed Sigmund
  1838 | D:2      | Noticed Jessica
  1853 | D:2      | Killed Jessica
  1853 | D:2      | Reached skill level 6 in Stealth
  1853 | D:2      | Reached XP level 4. HP: 21/21 MP: 9/9
  2124 | D:2      | Slain by Sigmund

Skill      XL: |  1  2  3  4 |
---------------+-------------+-----
Hexes          | 4 |  4.1
Stealth        | 5 6 |  6.4
Spellcasting   | 3 |  3.0
Short Blades   | 2 |  2.0
Dodging        | |  3.5

Action                   |  1- 3 |  4- 6 || total
-------------------------+-------+-------++-------
Melee: Dagger            |    33 |       ||    33
       Short sword       |    51 |    30 ||    81
 Cast: Ensorcelled Hiber |       |     5 ||     5
  Use: Scroll            |     1 |       ||     1
 Stab: Sleeping          |    13 |     1 ||    14
Armor: Robe              |     1 |       ||     1
Dodge: Dodged            |    36 |    16 ||    52
